 Dungeon Sprint DCSS version 0.16-a0-3115-g4870798 (webtiles) character file.

485 BluebellGnoll the Transmogrifier (level 6, -9/37 HPs)
             Began as a Felid Transmuter on Dec 13, 2014.
             Was the Champion of Sif Muna.
             Killed by divine providence
             ... invoked by an orc priest
              (12 damage)
             ... in the Dungeon (Sprint IX: "|||||||||||||||||||||||||||||").
             The game lasted 00:08:08 (591 turns).

BluebellGnoll the Transmogrifier (Felid Transmuter)  Turns: 591, Time: 00:08:08

Health: -9/37      AC:  8    Str: 14    XL:     6   Next: 88%
Magic:  13/25      EV: 15    Int: 20    God:    Sif Muna [******]
Gold:   0          SH:  0    Dex: 16    Spells: 6 memorised, 7 levels left
                                        Lives:  0   Deaths: 2

rFire  . . .     SeeInvis +       - Unarmed
rCold  . . .     Clarity  .     (armour unavailable)
rNeg   . . .     SustAb   .     (shield unavailable)
rPois  +         Gourm    .     (helmet unavailable)
rElec  .         Spirit   .     (cloak unavailable)
rCorr  .         Warding  .     (gloves unavailable)
rMut   .         NoTele   +     (boots unavailable)
MR     .....                    (no amulet)
Stlth  +.........               l - +2 ring of evasion
                                m - +3 ring of intelligence

@: hydra-form (expiring), not resistant to hostile enchantments, very unstealthy
A: paw claws, no armour, no weapons or thrown items, (fangs 0), see invisible,
carnivore 3, (speed 0), (shaggy fur 0), slow metabolism 1
a: End Transformation, Channel Energy, Forget Spell, Renounce Religion


You were in the Dungeon.
You worshipped Sif Muna.
Sif Muna was exalted by your worship.
You were not hungry.
You were a 6-headed hydra.
You visited 1 branch

Inventory:

Hand weapons
 n - a +2 halberd of protection
 o - a +0 lajatang
 p - a +2 morningstar of protection
 q - a +2 rapier of draining
 r - a +2 scimitar of holy wrath
 s - a +3 war axe of chopping
Missiles
 b - 11 arrows
Jewellery
 l - a +2 ring of evasion (right foreclaw)
 m - a +3 ring of intelligence (left foreclaw)
Magical devices
 k - a wand of fire (1)
Scrolls
 g - 3 scrolls of remove curse
 i - 2 scrolls of amnesia
 j - 2 scrolls of blinking
Potions
 c - a potion of invisibility
 e - 5 potions of curing
 f - 3 potions of heal wounds
 h - 4 potions of magic
Books
 d - a book of Changes

   Spells                             Type                      Level
   a - Beastly Appendage              Transmutation                1
   b - Sticks to Snakes               Transmutation                2
   c - Spider Form                    Transmutation/Poison         3
   d - Ice Form                       Ice/Transmutation            4
   e - Blade Hands                    Transmutation                5
 t - a book of Transfigurations

   Spells                             Type                      Level
   a - Stoneskin                      Transmutation/Earth          2
   b - Irradiate                      Conjuration/Transmutation    5
   c - Statue Form                    Transmutation/Earth          6
   d - Hydra Form                     Transmutation                6
   e - Dragon Form                    Transmutation                7
Comestibles
 a - a meat ration


   Skills:
 - Level 1.0 Fighting
 - Level 9.1 Dodging
 + Level 8.5 Unarmed Combat
 - Level 10.1 Spellcasting
 - Level 12.6 Transmutations


You had 7 spell levels left.
You knew the following spells:

 Your Spells              Type           Power        Failure   Level  Hunger
a - Beastly Appendage     Trmt           ######       1%          1    None
b - Stoneskin             Trmt/Erth      #####...     1%          2    None
c - Spider Form           Trmt/Pois      #####.....   1%          3    None
e - Ice Form              Ice/Trmt       #####...     8%          4    ##.....
s - Sticks to Snakes      Trmt           ######....   1%          2    None
H - Hydra Form            Trmt           ######....   8%          6    ######.


Dungeon Overview and Level Annotations

Branches:
Dungeon (1/1)

Altars:
Cheibriados
Dithmenos
Elyvilon
Fedhas
Gozag
Kikubaaqudgha
Makhleb
Nemelex Xobeh
Okawaru
Qazlal
Ru
Sif Muna
Trog
Vehumet
Xom
Yredelemnul
Zin
The Shining One
Beogh
Jiyva
Lugonu

Shops:
D :


Innate Abilities, Weirdness & Mutations

You cannot wear armour.
You are incapable of wielding weapons or throwing items.
((Your paws have sharp claws.))
((You have razor-sharp teeth.))
You have supernaturally acute eyesight.
You are carnivorous and can eat meat at any time.
((You cover ground quickly.))
((You are covered in thick fur (AC +2).))
You have a slow metabolism.


Message History

The orc priest calls down the wrath of Beogh upon you.
Something smites you!
You nip at the orc priest but do no damage.
The orc high priest prays to Beogh.
The orc priest closely misses you.
You barely miss the orc priest.
The orc high priest prays to Beogh.
The orc priest misses you.
The orc high priest hits you from afar with a glaive!
* * * LOW HITPOINT WARNING * * *
The orc high priest slices one of your heads off!
You grow two more!
You bite the orc priest!
The orc priest is almost dead.
The orc high priest says, "You will make a fine sacrifice."
The orc high priest invokes a dire malice against you.
The orc high priest prays to Beogh.
The orc priest calls down the wrath of Beogh upon you.
Something smites you!
You die...

▓▓▓▓ ▓..
▓.▓▓▓▓▓▓▓▓▓▓▓▓▓▓▓▓
▓........Dooooo44o
▓▓▓▓▓▓▓▓▓▓▓▓▓▓▓▓▓▓
▓▓▓▓▓▓▓▓▓▓▓▓▓▓▓▓
▓9†.............
▓.▓▓▓▓▓▓▓▓▓▓▓▓▓▓▓▓▓▓▓▓▓▓▓▓
▓(..9'R§§...'†...÷.').[[[.


You could see 4 orc high priests, a blue devil, a red devil and 2 orc priests.

Vanquished Creatures
  A hill giant (D)
  A wyvern (D)
  A hungry ghost (D)
  2 hippogriffs (D)
  An ice beast (D)
  A black bear (D)
  A centaur (D)
  A jelly (D)
  A quasit (D)
  An orc priest (D)
  A worker ant (D)
  An adder (D)
  A goblin (D)
  A hobgoblin (D)
  A jackal (D)
  2 bats (D)
  A giant newt (D)
  A kobold (D)
  A rat (D)
21 creatures vanquished.

Notes
Turn   | Place    | Note
--------------------------------------------------------------
     0 | D        | BluebellGnoll, the Felid Transmuter, began the quest for the Orb.
     0 | D        | Reached XP level 1. HP: 9/9 MP: 4/4
     8 | D        | Reached skill level 4 in Dodging
    32 | D        | Reached skill level 5 in Dodging
   148 | D        | Noticed a jelly
   148 | D        | Noticed a worker ant
   154 | D        | Reached skill level 6 in Dodging
   154 | D        | Reached XP level 2. HP: 12/12 MP: 3/5
   163 | D        | Reached skill level 7 in Dodging
   308 | D        | Learned a level 2 spell: Sticks to Snakes
   321 | D        | Killed a worker ant
   321 | D        | Reached skill level 9 in Dodging
   321 | D        | Reached XP level 3. HP: 15/15 MP: 0/8
   324 | D        | Killed a jelly
   324 | D        | Reached skill level 5 in Transmutations
   324 | D        | Reached XP level 4. HP: 19/19 MP: 1/10
   336 | D        | Found a glowing silver altar of Zin.
   336 | D        | Found a glowing golden altar of the Shining One.
   336 | D        | Found an ancient bone altar of Kikubaaqudgha.
   336 | D        | Found a basalt altar of Yredelemnul.
   336 | D        | Found a shimmering altar of Xom.
   336 | D        | Found a radiant altar of Vehumet.
   336 | D        | Found an iron altar of Okawaru.
   337 | D        | Found a burning altar of Makhleb.
   338 | D        | Found a deep blue altar of Sif Muna.
   339 | D        | Found a bloodstained altar of Trog.
   340 | D        | Found a sparkling altar of Nemelex Xobeh.
   341 | D        | Found a white marble altar of Elyvilon.
   342 | D        | Found a roughly hewn altar of Beogh.
   343 | D        | Found a viscous altar of Jiyva.
   344 | D        | Found a corrupted altar of Lugonu.
   345 | D        | Found a blossoming altar of Fedhas.
   346 | D        | Found a snail-covered altar of Cheibriados.
   347 | D        | Became a worshipper of Sif Muna the Loreminder
   348 | D        | Found a shadowy altar of Dithmenos.
   349 | D        | Found a stormy altar of Qazlal.
   350 | D        | Found an opulent altar of Gozag.
   351 | D        | Found a sacrificial altar of Ru.
   409 | D        | Learned a level 3 spell: Spider Form
   409 | D        | Noticed a black bear
   409 | D        | Noticed an ice beast
   409 | D        | Noticed a hill giant
   409 | D        | Noticed a hippogriff
   409 | D        | Noticed a quasit
   412 | D        | Killed a hippogriff
   412 | D        | Acquired Sif Muna's first power
   412 | D        | Acquired Sif Muna's second power
   412 | D        | Reached skill level 5 in Spellcasting
   412 | D        | Reached XP level 5. HP: 17/22 MP: 11/18
   413 | D        | Killed an ice beast
   413 | D        | Gained mutation: You are covered in thick fur (AC +2). [growing up]
   413 | D        | Reached XP level 6. HP: 19/25 MP: 11/21
   414 | D        | Killed a quasit
   415 | D        | Killed a hill giant
   415 | D        | Acquired Sif Muna's third power
   415 | D        | Received a gift from Sif Muna
   415 | D        | Reached skill level 12 in Transmutations
   415 | D        | Reached XP level 7. HP: 21/28 MP: 11/26
   415 | D        | Killed a black bear
   415 | D        | Reached skill level 10 in Spellcasting
   462 | D        | Learned a level 6 spell: Hydra Form
   465 | D        | Learned a level 2 spell: Stoneskin
   470 | D        | Learned a level 4 spell: Ice Form
   497 | D        | Noticed a centaur
   497 | D        | Noticed a hungry ghost
   497 | D        | Noticed a wyvern
   497 | D        | Noticed a gargoyle
   497 | D        | Noticed an efreet
   497 | D        | Noticed a hippogriff
   500 | D        | Killed a hippogriff
   500 | D        | Reached skill level 5 in Unarmed Combat
   500 | D        | Reached XP level 8. HP: 32/32 MP: 19/28
   505 | D        | Killed from afar by an efreet
   506 | D        | Reached XP level 7. HP: -8/42 MP: 20/27
   559 | D        | Killed a centaur
   563 | D        | Killed a hungry ghost
   574 | D        | Killed a wyvern
   575 | D        | Demolished by a gargoyle
   576 | D        | Reached XP level 6. HP: -18/37 MP: 17/25
   585 | D        | Found Prebam's Book Shop.
   585 | D        | Noticed an orc priest
   585 | D        | Noticed an orc priest
   585 | D        | Noticed an orc high priest
   585 | D        | Noticed an orc high priest
   585 | D        | Noticed an orc high priest
   585 | D        | Noticed an orc priest
   588 | D        | Noticed an orc high priest
   588 | D        | Killed an orc priest
   590 | D        | Noticed a red devil
   591 | D        | Killed from afar by an orc priest

Action                   |  1- 3 |  4- 6 |  7- 9 || total
-------------------------+-------+-------+-------++-------
Melee: Unarmed           |    41 |     4 |    17 ||    62
 Cast: Beastly Appendage |     3 |       |       ||     3
       Sticks to Snakes  |     1 |       |       ||     1
       Hydra Form        |       |     1 |     3 ||     4
       Stoneskin         |       |     1 |     2 ||     3
Evoke: Wand              |       |     5 |     1 ||     6
  Use: Potion            |     2 |       |       ||     2
  Eat: Chunk             |       |       |     8 ||     8
